 Dungeon Crawl Stone Soup version 0.24.0-13-gcf9b3192b9 (webtiles) character file.

Game seed: 10383242959649898909, levelgen mode: deterministic

16452 Flugslaktarn the Cleaver (level 12, 0/166 HPs)
             Began as a Deep Dwarf Fighter on Nov 10, 2019.
             Was an Elder of Makhleb.
             Slain by a 19-headed hydra (3 damage)
             ... on level 4 of the Lair of Beasts.
             The game lasted 00:08:05 (8874 turns).

Flugslaktarn the Cleaver (Deep Dwarf Fighter)       Turns: 8874, Time: 00:08:05

Health: 0/166      AC: 22    Str: 29    XL:     12   Next: 10%
Magic:  6/6        EV:  7    Int: 10    God:    Makhleb [****..]
Gold:   398        SH: 12    Dex: 12    Spells: 11/11 levels left

rFire    . . .     SeeInvis +   a - +0 war axe
rCold    + . .     Gourm    .   m - +0 shield
rNeg     . . .     Faith    .   o - +0 plate armour
rPois    .         Spirit   .   n - -2 helmet
rElec    .         Reflect  .   y - +2 cloak
rCorr    .         Harm     .   l - +0 pair of gloves
MR       +....                  A - +2 pair of boots
Stlth    ..........             (no amulet)
HPRegen  0.00/turn              c - ring of protection from cold
MPRegen  0.10/turn              i - ring of see invisible

@: berserking (expiring), non-regenerating, very quick
A: damage resistance, heal wounds, sense surroundings 2, no regeneration
a: Heal Wounds, Minor Destruction, Lesser Servant of Makhleb, Major Destruction,
Renounce Religion


You were on level 4 of the Lair of Beasts.
You worshipped Makhleb.
Makhleb was greatly pleased with you.
You were not hungry.

You visited 3 branches of the dungeon, and saw 15 of its levels.

You collected 678 gold pieces.
You spent 280 gold pieces at shops.

Inventory:

Hand Weapons
 a - a +0 war axe (weapon)
Armour
 l - a +0 pair of gloves (worn)
   (You found it on level 8 of the Dungeon)
 m - a +0 shield (worn)
 n - a -2 helmet (worn)
   (You found it on level 3 of the Dungeon)
 o - a +0 plate armour (worn)
   (You found it on level 4 of the Dungeon)
 y - a +2 cloak (worn)
   (You found it on level 9 of the Dungeon)
 A - a +2 pair of boots (worn)
   (You found it on level 9 of the Dungeon)
Jewellery
 c - a ring of protection from cold (left hand)
   (You found it on level 3 of the Dungeon)
 i - a ring of see invisible (right hand)
   (You found it on level 8 of the Dungeon)
Wands
 f - a wand of paralysis (3)
   (You found it on level 9 of the Dungeon)
 h - a wand of enslavement (5)
   (You found it on level 5 of the Dungeon)
Scrolls
 g - a scroll of noise {unknown}
 r - 2 scrolls of identify
 t - 4 scrolls of teleportation
 w - 2 scrolls of remove curse
 x - 3 scrolls of enchant weapon {unknown}
 B - a scroll of blinking {unknown}
 C - 3 scrolls of fog {unknown}
Potions
 b - 5 potions of flight
 d - 2 potions of might
 k - 4 potions of haste
 p - 2 potions of invisibility
 q - 3 potions of curing
 s - a potion of cancellation
 u - 4 potions of heal wounds
 v - a potion of magic {unknown}
 z - a potion of brilliance
 D - a potion of mutation {unknown}
 E - a potion of berserk rage
Comestibles
 e - 22 rations
 j - 5 chunks of flesh


   Skills:
 + Level 8.2 Fighting
 * Level 12.9 Axes
 + Level 9.7 Armour
 + Level 9.8 Shields
 - Level 6.0 Invocations
 + Level 6.2 Evocations


You had 11 spell levels left.
You didn't know any spells.
Your spell library was empty.

Dungeon Overview and Level Annotations

Branches:
Dungeon (10/15)            Temple (1/1) D:4            Lair (4/6) D:10
  Swamp (0/4) Lair:3       Spider (0/4) Lair:3          Orc (0/2) D:10

Altars:
Ashenzari
Cheibriados
Elyvilon
Fedhas
Hepliaklqana
Makhleb
Nemelex Xobeh
Ru
Sif Muna
Trog
Uskayaw
Vehumet
Wu Jian
Yredelemnul
Zin

Shops:
D:8 !

Annotations:
D:3 3 runed translucent doors, skk's ghost, amateur GrFi
D:7 Pikel


Innate Abilities, Weirdness & Mutations

You are resistant to damage.
You can heal yourself by infusing magical energy.
You passively map the area around you.
You do not regenerate.


Message History

You slice the yak!!
You kill the yak!
Makhleb accepts your kill.
You feel better. The 19-headed hydra bites you!
* * * LOW HITPOINT WARNING * * *
The 19-headed hydra bites you but does no damage. x2
You block the 19-headed hydra's attack.
The 19-headed hydra bites you but does no damage.
The 19-headed hydra barely misses you.
The 19-headed hydra bites you but does no damage.
You block the 19-headed hydra's attack.
The 19-headed hydra bites you but does no damage.
You block the 19-headed hydra's attack.
The 19-headed hydra bites you but does no damage.
The 19-headed hydra bites you!
* * * LOW HITPOINT WARNING * * *
The 19-headed hydra bites you.
* * * LOW HITPOINT WARNING * * *
The 19-headed hydra barely misses you. The 19-headed hydra bites you.
You die...

#.#* .##.# * ##.#
,.#.. * ,, ,
#..##*..# *
#...##.#
##.....## , , #
#....).#* *,*
##.#......#...
,,*
..#...†D†.?.....,
*
PP.....@.....#.#
* *
≈≈≈............#
, ,
≈≈≈≈≈.........##
***
≈≈≈≈≈≈≈≈........#
≈≈≈≈≈≈≈≈P.....##*
.≈≈≈≈≈≈≈≈.......
* ,
P.≈≈≈≈≈≈≈≈P.....
...P≈≈≈≈≈≈≈.### ,
* , ,≈ , * *


You could see a 19-headed hydra.

Vanquished Creatures
  Snorg (Lair:3)
  A hydra (Lair:1)
  A two-headed ogre (D:8)
  Nergalle (Lair:2)
  Sonja (Lair:2)
  An elephant (D:10)
  3 black mambas (Lair:2)
  2 spiny frogs
  2 komodo dragons
  A polar bear (Lair:2)
  A troll (D:10)
  A hornet (D:10)
  Grinder (D:5)
  3 blink frogs (Lair:2)
  5 hippogriffs
  3 redbacks (Lair:3)
  8 yaks
  4 hogs (D:10)
  2 basilisks
  A human (D:10)
  A hungry ghost (D:7)
  7 water moccasins
  3 porcupines
  An orc warrior (D:10)
  2 necrophages (D:9)
  2 sky beasts (D:5)
  2 phantoms
  11 centaurs
  3 ogres
  4 wolves (Lair:4)
  4 crocodiles
  10 bullfrogs
  Blork the orc (D:5)
  A gnoll sergeant (D:7)
  4 scorpions
  4 wights (D:9)
  4 howler monkeys
  A crimson imp (D:8)
  A centaur zombie (D:5)
  2 jellies
  4 hounds
  An orc priest (D:5)
  4 centaur skeletons
  A bullfrog skeleton (D:6)
  5 iguanas
  Ijyb (D:3)
  8 orc wizards
  10 worker ants
  2 hound zombies (D:10)
  A hound skeleton (D:8)
  A howler monkey zombie (D:9)
  A howler monkey skeleton (D:7)
  4 gnolls (D:7)
  10 adders
  A shadow imp (D:5)
  5 oozes
  An adder zombie (D:9)
  A worm (D:2)
  8 leopard geckos
  22 orcs
  2 ball pythons (D:3)
  8 bats
  11 giant cockroaches
  7 hobgoblins
  2 jackals (D:3)
  4 kobolds (D:3)
  A quokka (D:9)
  2 frilled lizards
  5 goblins
  2 rats (D:3)
246 creatures vanquished.

Vanquished Creatures (collateral kills)
  A blink frog (Lair:2)
1 creature vanquished.

Vanquished Creatures (others)
  2 fungi
  A plant (Lair:1)
3 creatures vanquished.

Grand Total: 250 creatures vanquished

Notes
Turn   | Place    | Note
-------+----------+-------------------------------------------
     0 | D:1      | Flugslaktarn the Deep Dwarf Fighter began the quest for the
                  | Orb.
     0 | D:1      | Reached XP level 1. HP: 20/20 MP: 1/1
   123 | D:2      | Found a sacrificial altar of Ru.
   164 | D:2      | Reached XP level 2. HP: 25/27 MP: 2/2
   247 | D:3      | Reached skill level 3 in Axes
   253 | D:3      | Reached XP level 3. HP: 28/33 MP: 3/3
   493 | D:3      | Found a runed translucent gate.
   493 | D:3      | Noticed skk's ghost (amateur GrFi)
   571 | D:3      | Found a runed translucent gate.
   571 | D:3      | Found a runed translucent gate.
   604 | D:3      | Noticed Ijyb
   624 | D:3      | Reached XP level 4. HP: 34/42 MP: 3/3
   636 | D:3      | Killed Ijyb
   867 | D:4      | Found a staircase to the Ecumenical Temple.
   877 | Temple   | Entered the Ecumenical Temple
   894 | Temple   | Became a worshipper of Makhleb the Destroyer
   922 | D:4      | Reached skill level 4 in Axes
   922 | D:4      | Reached XP level 5. HP: 34/49 MP: 4/4
  1064 | D:4      | Reached skill level 1 in Invocations
  1081 | D:4      | Found a blossoming altar of Fedhas.
  1477 | D:4      | Reached XP level 6. HP: 30/56 MP: 6/6
  1610 | D:5      | Entered Level 5 of the Dungeon
  1610 | D:5      | Noticed Blork the orc
  1629 | D:5      | Killed Blork the orc
  1633 | D:5      | Reached skill level 5 in Axes
  1706 | D:5      | Found a shattered altar of Ashenzari.
  1733 | D:5      | Noticed a sky beast
  1733 | D:5      | Noticed a sky beast
  1737 | D:5      | Noticed a water moccasin
  1771 | D:5      | Killed a water moccasin
  1771 | D:5      | Reached XP level 7. HP: 54/64 MP: 3/5
  1790 | D:5      | Reached skill level 5 in Armour
  1790 | D:5      | Reached skill level 5 in Shields
  1924 | D:5      | Reached skill level 6 in Axes
  1943 | D:5      | Reached * piety under Makhleb
  1944 | D:5      | Noticed Grinder
  1957 | D:5      | Paralysed by Grinder for 2 turns
  1975 | D:5      | Killed Grinder
  1975 | D:5      | Reached XP level 8. HP: 64/73 MP: 5/7
  2399 | D:6      | Found a white marble altar of Elyvilon.
  2413 | D:6      | Reached skill level 7 in Axes
  2490 | D:6      | Reached skill level 5 in Fighting
  2499 | D:6      | Reached skill level 5 in Invocations
  2537 | D:6      | Found an ornate altar of the Wu Jian Council.
  2714 | D:6      | Found a hide-covered altar of Uskayaw.
  3111 | D:6      | Gained mutation: You passively map the area around you.
                  | [Deep Dwarf growth]
  3111 | D:6      | Reached XP level 9. HP: 47/81 MP: 9/9
  3354 | D:7      | Reached skill level 8 in Axes
  3358 | D:7      | Reached ** piety under Makhleb
  3628 | D:7      | Found a basalt altar of Yredelemnul.
  3629 | D:7      | Noticed Pikel
  4184 | D:8      | Reached skill level 9 in Axes
  4262 | D:8      | Found Tavatad's Distillery.
  4590 | D:8      | Noticed a two-headed ogre
  4622 | D:8      | Killed a two-headed ogre
  4622 | D:8      | Reached XP level 10. HP: 41/91 MP: 9/9
  4763 | D:8      | Found a bloodstained altar of Trog.
  4841 | D:8      | Bought a potion of heal wounds for 70 gold pieces
  4841 | D:8      | Bought a potion of heal wounds for 70 gold pieces
  4841 | D:8      | Bought a potion of haste for 140 gold pieces
  5011 | D:9      | Reached *** piety under Makhleb
  5011 | D:9      | Reached skill level 10 in Axes
  5702 | D:10     | Entered Level 10 of the Dungeon
  5773 | D:10     | Found a staircase to the Lair.
  5773 | D:10     | Noticed an elephant
  5805 | D:10     | Killed an elephant
  5923 | D:10     | Paralysed by a hornet for 3 turns
  6236 | D:10     | Found a staircase to the Orcish Mines.
  6304 | D:10     | Reached skill level 11 in Axes
  6304 | D:10     | Reached skill level 1 in Evocations
  6435 | D:10     | Reached **** piety under Makhleb
  6475 | Lair:1   | Entered Level 1 of the Lair of Beasts
  6547 | Lair:1   | Noticed a spiny frog
  6555 | Lair:1   | Killed a spiny frog
  6555 | Lair:1   | Reached XP level 11. HP: 65/100 MP: 9/9
  6676 | Lair:1   | Noticed a seven-headed hydra
  6705 | Lair:1   | Killed an eight-headed hydra
  7345 | Lair:2   | Noticed Nergalle
  7384 | Lair:2   | Killed Nergalle
  7428 | Lair:2   | Reached skill level 12 in Axes
  7579 | Lair:2   | Noticed Sonja
  7591 | Lair:2   | HP: 3/102 [poisoned by Sonja (curare-tipped dart)]
  7615 | Lair:2   | Killed Sonja
  7741 | Lair:2   | Reached skill level 5 in Evocations
  7969 | Lair:3   | Found a staircase to the Swamp.
  8112 | Lair:3   | Found a hole to the Spider Nest.
  8265 | Lair:3   | Noticed Snorg
  8333 | Lair:3   | Killed Snorg
  8783 | Lair:4   | Reached XP level 12. HP: 97/110 MP: 6/6
  8820 | Lair:4   | Noticed a six-headed hydra
  8874 | Lair:4   | HP: 6/166 [19-headed hydra (10)]
  8874 | Lair:4   | Slain by a 19-headed hydra

Levels and vault maps discovered:
D:1:      dpeg_arrival_boxes_within_box, layout_basic
D:2:      layout_basic, lemuel_crystal_altar, first_ration
D:3:      layout_rooms, gammafunk_ghost_split, minmay_joined_circles, uniq_ijyb
D:4:      layout_basic, fedhas_ov_isle_minmay, minmay_temple_entry_tees,
          st_stairs_13
D:5:      layout_cave_pools, cheibrodos_ashenzari_chains, uniq_blork_the_orc,
          uniq_grinder
D:6:      layout_basic, eat_drink_and_be_merry_uskayaw, basic_altar,
          minmay_ruined_shrine
D:7:      layout_basic, nicolae_overflow_hidden_temple,
          grunt_decor_mini_mirrors, uniq_pikel
D:8:      layout_basic, lightli_temple_of_fire, serial_shops,
          nicolae_shop_statue_plus, corexii_hall_statues_u
D:9:      layout_gridville
D:10:     layout_basic, david_lair_generic, orc_0_dummy, grunt_livestock
Temple:   eino_temple_scatter_basement
Lair:1:   layout_gridlike, infiniplex_staircase_pool
Lair:2:   layout_misc_corridors, serial_bayou_shore_a,
          infiniplex_staircase_pool_2, uniq_nergalle, uniq_sonja
Lair:3:   layout_regular_city, swamp_mist_pool, spider_nest_entry_webs,
          lemuel_fruit_tree, uniq_snorg
Lair:4:   cheibrodos_lair_river_kwai, layout_loops_ring,
          chequers_serial_rivers_large_a, minmay_lair_oklob_chamber

Skill      XL: |  1  2  3  4  5  6  7  8  9 10 11 |
---------------+----------------------------------+-----
Axes           | 3 4 5 6 7 9 11 12 | 12.9
Fighting       | 3 4 5 6 7 8 |  8.2
Armour         | 4 5 6 7 8 9 |  9.7
Shields        | 4 5 6 7 8 9 |  9.8
Invocations    | 1 2 4 5 6 |  6.0
Evocations     | 2 6 |  6.2

Action                   |  1- 3 |  4- 6 |  7- 9 | 10-12 || total
-------------------------+-------+-------+-------+-------++-------
Melee: War axe           |    91 |   158 |   328 |   626 ||  1203
Invok: Minor Destruction |       |       |     3 |     1 ||     4
       Lesser Servant of |       |       |       |     8 ||     8
 Abil: Heal Wounds       |     1 |     5 |     7 |    29 ||    42
Evoke: Wand              |       |       |       |     7 ||     7
  Use: Scroll            |       |     1 |     6 |    12 ||    19
       Potion            |       |       |     1 |     1 ||     2
 Stab: Paralysed         |       |       |       |    18 ||    18
  Eat: Chunk             |       |     3 |     7 |    11 ||    21
       Ration            |       |       |     3 |     1 ||     4
Armor: Scale mail        |    17 |       |       |       ||    17
       Chain mail        |    36 |    30 |       |       ||    66
       Plate armour      |       |    94 |   199 |   625 ||   918
       Skin              |       |       |     4 |       ||     4
Dodge: Dodged            |    34 |    43 |    53 |   188 ||   318
Block: Shield            |    58 |    99 |   198 |   523 ||   878
